Map: [ESL] Tropical Sacrifice

Players

Maru

  • Race: Terran Terran
  • League: Master
  • Spawn Location: 7:00

Solar - Winner!

  • Race: Zerg Zerg
  • League: Grandmaster
  • Spawn Location: 1:00

VOD

Have the link to the VOD?

Description

Time

  • Played on: Nov. 5, 2022, 7:40 a.m.
  • Length: 11:45
Show
View Real Time Build Order
Export as new Build Order

Maru Terran 

Build Orders: Reaper Expand 

Get SALT Encoding   

  12  0:00  SCV  
  13  0:12  SCV  
  14  0:17  Supply Depot  
  14  0:24  SCV  
  15  0:39  SCV  
  15  0:40  Barracks  
  16  0:44  Refinery  
  16  0:51  SCV  
  17  1:03  SCV  
  18  1:15  SCV  
  19  1:27  Reaper, Orbital Command  
  20  1:42  Command Center  
  20  1:51  Supply Depot  
  20  1:54  SCV  
  20  1:59  Marine  
  22  2:06  SCV  
  23  2:15  Factory  
  23  2:18  SCV  
  23  2:22  Barracks Reactor  
  24  2:30  SCV  
  25  2:42  SCV  
  25  2:44  Command Center  
  25  2:54  Orbital Command  
  25  2:55  SCV  
  26  3:01  Starport  
  26  3:06  Refinery  
  26  3:07  SCV  
  29  3:13  Hellion  
  29  3:17  Hellion  
  29  3:19  SCV  
  32  3:21  SCV  
  33  3:31  SCV  
  33  3:34  SCV  
  35  3:37  Hellion  
  35  3:38  Hellion  
  35  3:40  Viking  
  41  3:42  Barracks Tech Lab  
  41  3:44  SCV  
  42  3:50  SCV  
  43  3:56  SCV, Orbital Command  
  43  4:02  Hellion x2, SCV  
  49  4:07  Supply Depot  
  49  4:08  SCV  
  50  4:12  Liberator  
  50  4:14  SCV  
  50  4:17  Marine  
  54  4:21  SCV  
  54  4:22  SCV  
  57  4:25  Hellion x2  
  61  4:33  Supply Depot  
  61  4:34  SCV x2, Marine  
  61  4:37  Orbital Command  
  64  4:40  Engineering Bay  
  64  4:41  Engineering Bay  
  64  4:46  SCV, Stimpack  
  64  4:52  Marine  
  65  4:53  SCV  
  65  4:54  Barracks  
  65  4:57  Barracks  
  65  4:58  Supply Depot, SCV  
  68  5:01  Refinery  
  68  5:05  SCV  
  68  5:06  SCV  
  70  5:07  Terran Infantry Weapons Level 1  
  70  5:08  Terran Infantry Armor Level 1  
  70  5:10  SCV  
  70  5:13  Starport Reactor, Factory Reactor  
  71  5:17  SCV  
  71  5:19  Supply Depot  
  71  5:20  Marine  
  71  5:21  SCV  
  74  5:26  Barracks  
  72  5:28  Barracks  
  72  5:32  SCV  
  73  5:36  SCV  
  73  5:37  Marine  
  73  5:40  SCV  
  74  5:44  SCV  
  74  5:48  SCV, Marine x2  
  77  5:52  SCV  
  77  5:53  Supply Depot  
  77  5:56  SCV  
  72  6:00  SCV  
  72  6:01  Factory Reactor  
  73  6:04  SCV, Marine  
  73  6:05  Medivac x2, Marine  
  73  6:08  SCV  
  73  6:09  Refinery  
  73  6:11  Marine x2  
  82  6:12  SCV  
  82  6:15  Barracks Reactor  
  82  6:16  Barracks Reactor, SCV  
  85  6:20  Supply Depot, SCV  
  85  6:24  SCV  
  85  6:25  Armory  
  87  6:26  Marine  
  87  6:27  Combat Shield  
  87  6:28  SCV, Marine x2  
  87  6:32  SCV  
  92  6:34  Marine x2  
  92  6:36  SCV  
  92  6:39  Supply Depot  
  95  6:40  SCV  
  95  6:41  Widow Mine x2  
  95  6:42  Supply Depot  
  95  6:44  SCV  
  101  6:48  Refinery, SCV  
  101  6:51  Marine  
  101  6:52  SCV  
  104  6:56  SCV, Marine x4  
  104  7:01  Medivac, Marine  
  109  7:02  Supply Depot  
  109  7:03  Supply Depot  
  109  7:07  Widow Mine x2  
  116  7:17  Factory  
  116  7:18  Terran Infantry Weapons Level 2  
  116  7:19  Command Center  
  114  7:23  Marine x3  
  104  7:31  Marine x5  
  104  7:32  Medivac, Widow Mine x2  
  107  7:44  Medivac  
  107  7:45  Marine x4  
  107  7:51  Terran Infantry Armor Level 2  
  113  7:52  Barracks  
  113  7:54  Barracks  
  113  7:55  Widow Mine x2  
  113  7:56  Barracks  
  117  8:00  Factory Tech Lab  
  117  8:01  Marine  
  117  8:03  Supply Depot, Marauder  
  120  8:11  Sensor Tower, Marine x2  
  122  8:16  SCV, Widow Mine x2  
  122  8:19  Drilling Claws  
  127  8:20  Widow Mine  
  127  8:25  Marauder  
  131  8:33  Medivac  
  131  8:34  Marine x7  
  134  8:36  SCV  
  134  8:38  Widow Mine x2  
  145  8:41  Widow Mine, Barracks Tech Lab x2  
  145  8:45  Barracks Tech Lab  
  145  8:46  Marauder  
  145  8:48  Marine  
  146  8:49  SCV x3  
  146  8:51  Marine x2  
  145  8:56  Marine  
  145  9:01  Supply Depot, SCV x2  
  145  9:02  Concussive Shells, Marauder x2  
  152  9:03  SCV  
  152  9:07  Marauder  
  155  9:12  Terran Vehicle And Ship Armor Level 1  
  155  9:13  Supply Depot x2, SCV x2  
  155  9:14  Planetary Fortress  
  155  9:15  SCV  
  158  9:17  Refinery  
  158  9:18  Marine  
  158  9:19  Marauder, Marine  
  158  9:23  Marauder  
  164  9:25  SCV, Marine x2  
  164  9:26  Marauder  
  164  9:29  Marauder  
  171  9:35  Widow Mine x2  
  175  9:39  Supply Depot, Widow Mine  
  175  9:40  Marauder  
  179  9:46  Medivac  
  179  9:47  Marine  
  179  9:48  Marauder  
  179  9:49  Marine x2  
  179  9:50  Marauder  
  179  9:52  Marine x2  
  188  9:53  Marine  
  188  9:56  Marauder  
  188  10:00  Widow Mine x2  
  188  10:01  Widow Mine  
  188  10:02  Marauder, Marine x2  
  188  10:05  Marine  
  184  10:07  Marine  
  184  10:09  Marauder  
  184  10:11  Marauder  
  179  10:16  Command Center  
  179  10:17  Marauder  
  179  10:18  Medivac x2  
  185  10:21  Marine x2  
  185  10:22  Marine x2  
  185  10:23  Marauder  
  189  10:31  Marauder  
  189  10:33  Marauder  
  188  10:40  Marine  
  188  10:41  Marauder  
  188  10:42  Marine x3  
  194  10:44  Marauder  
  194  10:46  Command Center  
  194  10:48  Marine  
  194  10:49  Marine  
  140  10:51  Marine x2  
  140  10:52  Marauder  
  140  10:54  Widow Mine x2, Marauder  
  140  10:56  Medivac x2  
  143  10:58  Marine  
  143  10:59  Marine  
  143  11:02  Marauder  
  143  11:03  Marine x2  
  150  11:06  Marauder  
  147  11:13  Marauder  
  147  11:15  Marauder, Marine x2  
  147  11:17  Marine x2  
  135  11:18  SCV  
  135  11:20  Widow Mine x2  
  135  11:23  Marauder  
  104  11:26  Marine  
Show
View Real Time Build Order
Export as new Build Order

Solar Zerg - Winner!

Build Orders: Hatch First 

Get SALT Encoding   

  12  0:00  Drone  
  13  0:12  Overlord  
  13  0:18  Drone  
  14  0:31  Drone  
  14  0:32  Drone  
  16  0:49  Hatchery  
  15  0:52  Drone  
  15  0:56  Drone  
  17  1:00  Drone  
  18  1:10  Extractor  
  17  1:15  Spawning Pool  
  16  1:18  Drone  
  16  1:22  Drone  
  18  1:28  Drone  
  19  1:39  Drone  
  20  1:49  Drone  
  21  2:01  Queen  
  21  2:02  Zergling x4, Queen  
  27  2:12  Overlord  
  27  2:13  Drone  
  28  2:23  Hatchery  
  28  2:27  Drone  
  27  2:31  Drone  
  27  2:32  Drone  
  27  2:35  Drone  
  30  2:41  Queen  
  32  2:46  Overlord  
  32  2:50  Metabolic Boost  
  32  2:55  Drone  
  32  2:58  Drone x2  
  35  3:04  Drone  
  36  3:06  Drone  
  36  3:10  Drone x2  
  36  3:11  Drone  
  40  3:15  Queen  
  42  3:22  Queen  
  42  3:25  Overlord  
  44  3:30  Overlord  
  44  3:35  Queen  
  44  3:37  Drone  
  44  3:40  Drone x2  
  44  3:41  Drone  
  50  3:47  Overlord  
  50  3:50  Zergling x6  
  50  3:53  Drone  
  50  3:54  Drone x2  
  57  3:55  Drone  
  57  3:57  Drone  
  57  3:59  Drone  
  59  4:03  Queen  
  59  4:07  Overlord  
  63  4:10  Drone x2  
  63  4:11  Drone  
  63  4:14  Drone x2  
  63  4:15  Drone  
  67  4:19  Queen  
  67  4:21  Overlord  
  69  4:24  Overlord  
  69  4:27  Zergling x2  
  69  4:28  Zergling x2  
  69  4:30  Drone  
  72  4:33  Drone x2  
  72  4:37  Spore Crawler x2, Overlord  
  72  4:38  Overlord  
  72  4:42  Zergling x2  
  72  4:44  Queen  
  76  4:45  Drone  
  76  4:46  Drone  
  76  4:49  Extractor  
  76  4:51  Drone, Evolution Chamber  
  76  4:52  Drone, Evolution Chamber  
  76  4:54  Drone  
  76  4:57  Drone x2  
  76  4:58  Drone  
  79  5:00  Zergling x4  
  79  5:03  Drone x2  
  83  5:15  Drone  
  83  5:17  Overlord  
  83  5:18  Extractor  
  83  5:19  Zergling x2, Zerg Ground Armor Level 1  
  83  5:20  Zergling x6  
  87  5:23  Zerg Melee Weapons Level 1  
  87  5:24  Zergling x2  
  87  5:27  Overlord  
  88  5:32  Zergling x4, Drone x3  
  88  5:33  Zergling x2  
  94  5:39  Drone  
  94  5:42  Drone  
  92  5:43  Lair  
  92  5:45  Drone  
  92  5:47  Drone, Hatchery  
  92  5:49  Drone  
  93  5:55  Drone  
  93  5:58  Baneling Nest, Drone  
  93  6:03  Drone x4  
  96  6:06  Drone  
  96  6:08  Zergling x6  
  96  6:11  Extractor  
  99  6:12  Extractor  
  99  6:14  Zergling x4  
  99  6:18  Drone  
  101  6:21  Overlord  
  101  6:24  Drone x2  
  98  6:27  Drone x2  
  100  6:33  Zergling x2  
  100  6:36  Drone x2  
  103  6:40  Drone  
  103  6:41  Drone x6  
  103  6:44  Centrifugal Hooks, Hatchery  
  103  6:45  Hydralisk Den  
  103  6:46  Overseer  
  108  6:50  Baneling x4  
  108  6:51  Baneling  
  108  6:52  Zergling x10  
  113  6:55  Overlord  
  113  6:57  Extractor  
  113  7:00  Drone x3  
  115  7:05  Zergling x2  
  115  7:07  Baneling  
  115  7:08  Baneling x8  
  116  7:09  Zergling x10, Spore Crawler  
  116  7:10  Zergling x4  
  116  7:12  Drone  
  123  7:18  Zergling x4  
  123  7:21  Overlord  
  125  7:24  Zerg Ground Armor Level 2  
  125  7:28  Zergling x10  
  123  7:32  Drone  
  121  7:38  Zergling x6  
  121  7:39  Zerg Melee Weapons Level 2  
  121  7:44  Drone  
  123  7:49  Drone, Overlord x2  
  123  7:50  Hydralisk x3  
  130  7:53  Baneling x3  
  130  7:54  Drone  
  130  7:55  Drone x3  
  130  7:57  Drone  
  130  7:58  Hatchery  
  134  7:59  Grooved Spines  
  134  8:00  Zergling x2  
  134  8:01  Zergling x6  
  134  8:04  Zergling x6  
  141  8:06  Zergling x2  
  141  8:07  Zergling x2  
  141  8:10  Baneling x3  
  143  8:13  Zergling x16  
  143  8:15  Overlord  
  143  8:17  Overseer  
  151  8:21  Hydralisk  
  151  8:22  Hydralisk x2  
  151  8:24  Extractor  
  156  8:27  Drone x2  
  156  8:29  Hydralisk x3  
  164  8:34  Zergling x2, Baneling x3  
  164  8:35  Zergling x8  
  169  8:44  Zergling x8  
  169  8:46  Hydralisk x5  
  174  8:51  Hydralisk  
  174  8:52  Zergling x2  
  174  8:55  Overlord  
  175  8:56  Baneling x4  
  175  8:57  Baneling, Drone  
  175  8:58  Overlord  
  175  8:59  Zergling x4  
  178  9:03  Baneling x4  
  178  9:06  Drone  
  179  9:10  Zergling x6  
  179  9:12  Muscular Augments, Overlord  
  179  9:13  Overlord  
  179  9:15  Baneling x4  
  182  9:17  Zergling x4  
  182  9:18  Zergling x6  
  182  9:19  Zergling x2, Hatchery  
  182  9:22  Pneumatized Carapace  
  186  9:25  Zergling x6  
  186  9:28  Baneling x6  
  186  9:31  Drone  
  190  9:34  Zergling x14  
  190  9:35  Hydralisk  
  190  9:45  Drone  
  190  9:46  Drone x7  
  190  9:51  Zergling x4  
  190  9:52  Drone x2  
  191  9:53  Drone  
  191  9:54  Drone x3  
  191  9:55  Drone  
  187  10:02  Zergling x8  
  187  10:04  Overseer  
  187  10:06  Hydralisk  
  187  10:07  Zergling x2  
  183  10:11  Zergling x4  
  183  10:13  Zergling x2  
  183  10:14  Zergling x2  
  179  10:16  Zergling x4  
  179  10:18  Zergling x4  
  179  10:21  Zergling x4  
  183  10:26  Zergling x8  
  183  10:27  Baneling x2  
  187  10:29  Baneling x4  
  187  10:30  Zergling x2  
  187  10:34  Zergling x8  
  185  10:36  Zergling x2  
  185  10:37  Zergling x4  
  185  10:39  Zergling x2  
  185  10:40  Zergling x4  
  185  10:42  Zergling x6  
  171  10:47  Hydralisk  
  171  10:48  Hydralisk x2  
  171  10:49  Zergling x2  
  160  10:50  Zergling x2  
  160  10:51  Zergling x2  
  160  10:53  Zergling x6  
  160  10:55  Baneling x4  
  160  10:56  Baneling  
  163  10:57  Zergling x2  
  163  11:01  Zergling x10  
  163  11:03  Zergling x6  
  171  11:04  Zergling x2  
  171  11:06  Zergling x6  
  171  11:11  Hydralisk  
  173  11:18  Zergling x14  
  171  11:25  Zergling x10  
Tags
 
Add a new tag
Caveats
  • Supply blocks, unpowered buildings, or Contaminate may cause inaccurate times.
  • Supply counts are checked every 10 seconds.